 Dungeon Crawl Stone Soup version 0.23.2 (webtiles) character file.

Game seed: 9503611240849891753

810 Borgoz the Cutter (level 7, -3/57 HPs)
             Began as a Ghoul Assassin on Apr 4, 2019.
             Slain by an ogre
             ... wielding a +0 giant club
              (19 damage)
             ... on level 4 of the Dungeon on Apr 5, 2019.
             The game lasted 00:10:49 (2537 turns).

Borgoz the Cutter (Ghoul Assassin)                  Turns: 2537, Time: 00:10:50

Health: -3/57      AC: 10    Str: 15    XL:     7   Next: 92%
Magic:  6/6        EV: 12    Int:  6    God:
Gold:   84         SH:  0    Dex: 12    Spells: 6/6 levels left

rFire    . . .     SeeInvis .   a - +2 dagger
rCold    + . .     Gourm    .   (no shield)
rNeg     + + +     Faith    .   l - +0 scale mail
rPois    ∞         Spirit   .   (no helmet)
rElec    .         Reflect  .   d - +1 cloak
rCorr    .         Harm     .   (no gloves)
MR       .....                  (no boots)
Stlth    +.........             (no amulet)
HPRegen  0.00/turn              (no ring)
MPRegen  0.10/turn              (no ring)

@: rotting
A: rotting body, claws 1, carnivore, cold resistance 1, negative energy
resistance 3, inhibited regeneration, torment resistance, unbreathing
a: no special abilities


You were on level 4 of the Dungeon.
You were not hungry.

You visited 1 branch of the dungeon, and saw 3 of its levels.
You also visited: Sewer.

You collected 84 gold pieces.

Inventory:

Hand Weapons
 a - a +2 dagger (weapon)
 b - a +0 blowgun
 o - a +0 rapier
Missiles
 e - 26 poisoned needles
 f - 2 curare-tipped needles
 i - 4 tomahawks of dispersal (quivered)
Armour
 d - a +1 cloak (worn)
 l - a +0 scale mail (worn)
Scrolls
 c - 3 scrolls of teleportation
 h - a scroll of fog {unknown}
 j - 2 scrolls of magic mapping
 k - 3 scrolls of blinking
 m - a scroll of amnesia
Comestibles
 g - 7 rations


   Skills:
 + Level 3.1 Fighting
 * Level 7.3 Short Blades
 + Level 2.6 Throwing
 * Level 7.0 Armour
 * Level 7.0 Dodging
 - Level 4.3 Stealth


You had 6 spell levels left.
You didn't know any spells.
Your spell library was empty.

Dungeon Overview and Level Annotations

Branches:
Dungeon (4/15)
 Temple: D:4-7

Altars:
Cheibriados
Elyvilon
Gozag
Hepliaklqana
Nemelex Xobeh
Okawaru
Uskayaw

Annotations:
D:4 2 transporters


Innate Abilities, Weirdness & Mutations

Your body is rotting away.
You thrive on raw meat.
You are immune to poison.
You have sharp fingernails.
You are carnivorous and can eat meat at any time.
Your flesh is cold resistant. (rC+)
You are immune to negative energy. (rN+++)
You do not regenerate when monsters are visible.
You are immune to unholy pain and torment.
You can survive without breathing.


Message History

You feel much better. The worker ant bites you. The ogre barely misses you.
It was a potion of magic.
Magic courses through your body. The worker ant closely misses you.
You hit the ogre.
The ogre is severely wounded.
The ogre misses you. The worker ant barely misses you.
You hit the ogre.
The ogre is severely wounded.
The worker ant bites you.
You hit the ogre but do no damage.
The ogre is severely wounded.
The ogre hits you with a +0 giant club. The worker ant bites you.
* * * LOW HITPOINT WARNING * * *
You hit the ogre.
The ogre is almost dead.
You barely miss the ogre.
The ogre is almost dead.
The worker ant bites you but does no damage.
The ogre hits you with a +0 giant club!!
You die...

# #.## #..........#*,** ##.#
#..(.......#*,,***** #..#
#..........#*,,,,,,, ###.##
#...........,,,,,,,, ....#
##..........#,,,,,,,, #####
#...........#,*,,,,,,
**####.(...(....##,*,,,,<,
********,...((..Oa.....#*,*,,,,,,
,,,,,,,,,#####..@......#*,*,,,,,,
,,,,,>,,** #########...,*<,,,,,
,,,,,,,,* *,..#******** *********
*,,.# *,,,* *,,,* *****


You could see an ogre and a worker ant.

Vanquished Creatures
  2 phantoms (D:4)
  An ogre (D:4)
  A hound (D:4)
  An orc priest (D:4)
  An orc wizard (D:4)
  Natasha (D:4)
  4 worker ants (D:4)
  A hound skeleton (D:4)
  5 adders
  An ooze (D:1)
  An adder zombie (D:4)
  2 worms
  3 dart slugs
  A leopard gecko (D:1)
  10 orcs (D:4)
  A ball python (D:4)
  3 giant cockroaches
  3 goblins
  3 hobgoblins
  19 jackals
  7 kobolds
  A quokka (D:2)
  10 bats
  9 frilled lizards
  5 rats
96 creatures vanquished.

Notes
Turn   | Place    | Note
-------+----------+-------------------------------------------
     0 | D:1      | Borgoz the Ghoul Assassin began the quest for the Orb.
     0 | D:1      | Reached XP level 1. HP: 17/17 MP: 0/0
     9 | D:1      | Reached skill level 1 in Dodging
    53 | D:1      | Reached skill level 1 in Armour
    53 | D:1      | Reached XP level 2. HP: 10/24 MP: 1/1
   342 | D:1      | Reached XP level 3. HP: 24/29 MP: 2/2
  1042 | D:2      | Reached XP level 4. HP: 33/37 MP: 3/3
  1100 | D:2      | Found a faded altar of an unknown god.
  1170 | D:2      | You fall through a shaft for 2 floors!
  1176 | D:4      | Found an opulent altar of Gozag.
  1186 | D:4      | Noticed an ogre
  1188 | D:4      | Noticed a phantom
  1198 | D:4      | Killed a phantom
  1198 | D:4      | Reached XP level 5. HP: 13/42 MP: 4/4
  1206 | D:4      | Reached XP level 6. HP: 8/50 MP: 5/5
  1226 | D:4      | Reached XP level 7. HP: 23/56 MP: 6/6
  1329 | D:4      | Found a transporter.
  1329 | D:4      | Noticed a hungry ghost
  1333 | D:4      | Found a white marble altar of Elyvilon.
  1334 | D:4      | Found an iron altar of Okawaru.
  1334 | D:4      | Found a transporter.
  1338 | D:4      | Found a hazy altar of Hepliaklqana.
  1338 | D:4      | Found a sparkling altar of Nemelex Xobeh.
  1338 | D:4      | Found a hide-covered altar of Uskayaw.
  1338 | D:4      | Found a snail-covered altar of Cheibriados.
  1504 | D:4      | Noticed Natasha
  1519 | D:4      | Killed Natasha
  1557 | D:4      | Found a glowing drain.
  1567 | Sewer    | Entered a sewer
  2537 | D:4      | Slain by an ogre

Skill      XL: |  1  2  3  4  5  6  7 |
---------------+----------------------+-----
Dodging        | 1 2 6 7 |  7.0
Short Blades   | 2 3 7 |  7.3
Armour         | 1 2 6 7 |  7.0
Throwing       | 2 |  2.6
Fighting       | 3 |  3.1
Stealth        | |  4.3

Action                   |  1- 3 |  4- 6 |  7- 9 || total
-------------------------+-------+-------+-------++-------
Melee: Dagger            |   144 |    75 |   335 ||   554
 Fire: Blowgun           |       |       |     5 ||     5
  Use: Potion            |       |     4 |     4 ||     8
       Scroll            |       |       |     5 ||     5
 Stab: Sleeping          |     6 |       |       ||     6
  Eat: Chunk             |    12 |     2 |    20 ||    34
Armor: Robe              |    41 |    19 |     2 ||    62
       Scale mail        |       |       |   114 ||   114
Dodge: Dodged            |    97 |    59 |   183 ||   339
